 Dungeon Crawl Stone Soup version 0.30.1-11-g7821555f0a (webtiles) character file.

Game seed: 2487240171080579128

102 Peloso the Covered (level 4, 0/40 HPs)
             Began as a Minotaur Fighter on Dec 23, 2023.
             Slain by an orc wizard
             ... wielding a +0 dagger
              (3 damage)
             ... on level 3 of the Dungeon.
             The game lasted 00:02:48 (1853 turns).

Peloso the Covered (Minotaur Fighter)               Turns: 1853, Time: 00:02:48

Health: 0/40       AC:  7    Str: 21    XL:     4   Next: 50%
Magic:  3/3        EV:  9    Int:  5    God:
Gold:   136        SH:  4    Dex: 11    Spells: 3/3 levels left

rFire   . . .        a - +1 long sword
rCold   . . .        c - +0 buckler
rNeg    . . .        b - +0 scale mail
rPois   .            (helmet restricted)
rElec   .            (no cloak)
rCorr   .            (no gloves)
SInv    .            (no boots)
Will    .....        (no amulet) Stlth
                     (no ring)
HPRegen 0.26/turn    (no ring)
MPRegen 0.08/turn

%: no passive effects
@: no status effects
A: horns 2, retaliatory headbutt
a: no special abilities


You were on level 3 of the Dungeon.
You visited 1 branch of the dungeon, and saw 3 of its levels.

You collected 136 gold pieces.

Inventory:

Hand Weapons
 a - a +1 long sword (weapon)
Armour
 b - a +0 scale mail (worn)
 c - a +0 buckler (worn)
Jewellery
 l - a ring of ice
Scrolls
 e - a scroll of fog {unknown}
 f - 2 scrolls of enchant weapon
 g - 2 scrolls of identify
 h - a scroll of amnesia {unknown}
Potions
 d - 3 potions of might
 i - a potion of attraction {unknown}
 k - 2 potions of haste


   Skills:
 + Level 4.1 Fighting
 + Level 4.2 Long Blades
 + Level 4.5 Armour
 + Level 0.2 Dodging
 + Level 4.1 Shields


You had 3 spell levels left.
You didn't know any spells.
Your spell library was empty.

Dungeon Overview and Level Annotations

Branches:
Dungeon (3/15)

Altars:

Shops:
D:2 =


Innate Abilities, Weirdness & Mutations

You have a pair of horns on your head.
You reflexively headbutt those who attack you in melee.


Message History

* * * LOW HITPOINT WARNING * * *
You block the orc priest's attack.
The orc hits you from afar with a +0 trident.
* * * LOW HITPOINT WARNING * * *
You hit the orc priest.
The orc priest is almost dead.
Something hits you.
* * * LOW HITPOINT WARNING * * *
The orc priest hits you with a +0 hand axe.
* * * LOW HITPOINT WARNING * * *
The orc hits you from afar with a +0 trident.
* * * LOW HITPOINT WARNING * * *
You feel better. Something hits you but does no damage.
The orc hits you but does no damage.
The orc priest hits you but does no damage.
Unknown command.
You hit the orc priest.
The orc priest is almost dead.
Something hits you but does no damage.
The orc priest hits you but does no damage.
The orc hits you but does no damage. x2; You block the orc priest's attack.
Something hits you.
* * * LOW HITPOINT WARNING * * *
You hit the orc priest.
You kill the orc priest!
The orc barely misses you. Something hits you.
* * * LOW HITPOINT WARNING * * *
Your Long Blades skill increases to level 4!
Unknown command.
You hit something. Your headbutt misses something. You block the orc's attack.
You hear some strange, mumbled words.
A puff of flame appears from out of thin air!
The puff of flame hits you.
* * * LOW HITPOINT WARNING * * *
Unknown command.
You closely miss something. You headbutt something.
The orc hits you but does no damage. You block something's attack.
Unknown command.
You miss something. You block the orc's attack. Something hits you.
You die...

......... #####.........#
.........###...#.......#.##.
..........##$..#............
...........#...##+#......#..
...................†#.......
....................#....#..
.....oo...o#........#.#...#.
........).#)...(....#.#...#.
.........##@{...†...#.....+.
........###.........###...#.
.#.......##.................
##......#..........########
##'#...#..................
.......#..........####....
..................# #....
..).................. #....
.....#........... ###..


You could see an orc.

Vanquished Creatures
  An orc priest (D:3)
  3 adders
  A worm (D:2)
  An orc (D:3)
  2 endoplasms
  4 giant cockroaches
  3 goblins (D:2)
  6 hobgoblins
  5 quokkas
  4 ball pythons
  4 bats
  2 frilled lizards
  5 kobolds
  3 rats
44 creatures vanquished.

Notes
Turn   | Place    | Note
-------+----------+-------------------------------------------
     0 | D:1      | Peloso the Minotaur Fighter began the quest for the Orb.
     0 | D:1      | Reached XP level 1. HP: 19/19 MP: 0/0
   378 | D:1      | Reached XP level 2. HP: 27/27 MP: 1/1
   442 | D:1      | Found a faded altar of an unknown god.
  1147 | D:2      | Found Coetellui's Jewellery Shoppe.
  1205 | D:2      | Reached XP level 3. HP: 33/33 MP: 2/2
  1809 | D:3      | Reached XP level 4. HP: 40/40 MP: 3/3
  1847 | D:3      | HP: 2/40 [orc priest/+0 hand axe (5)]
  1853 | D:3      | Slain by an orc wizard

Illustrated notes

Levels and vault maps discovered:
D:1:      minmay_arrival_solitary_statue, layout_basic,
          shapermc_ecumenical_altar_pompeii
D:2:      layout_loops_ring, serial_shops, shop
D:3:      layout_basic, uniq_crazy_yiuf_cottage

Skill      XL: |  1  2  3  4 |
---------------+-------------+-----
Armour         | 4 |  4.5
Fighting       | 4 |  4.1
Long Blades    | 3 4 |  4.2
Shields        | 4 |  4.1
Dodging        | |  0.2

Action                     |  1- 3 |  4- 6 || total
---------------------------+-------+-------++-------
  Melee: Long sword        |    93 |    15 ||   108
         Headbutt          |    13 |     2 ||    15
    Use: Potion            |     5 |     2 ||     7
         Scroll            |     3 |       ||     3
 Armour: Scale mail        |    41 |    14 ||    55
  Dodge: Dodged            |    59 |     9 ||    68
  Block: Buckler           |    16 |    15 ||    31
